 Dungeon Crawl Stone Soup version 0.20-a0-151-g755e310 (webtiles) character file.

5645 FitzyFitz the Nimble (level 10, -7/80 HPs)
             Began as a Merfolk Ice Elementalist on Nov 22, 2016.
             Was a Priest of Vehumet.
             Mangled by a meliai
             ... wielding a +0 hand axe
              (14 damage)
             ... on level 10 of the Dungeon.
             The game lasted 00:47:32 (14388 turns).

FitzyFitz the Nimble (Merfolk Ice Elementalist)    Turns: 14388, Time: 00:47:33

Health: -7/80      AC:  3    Str:  8    XL:     10   Next: 74%
Magic:  15/15      EV: 18    Int: 19    God:    Vehumet [***...]
Gold:   455        SH:  3    Dex: 16    Spells: 1/16 levels left

rFire  . . .     SeeInvis .     a - +3 trident (freeze)
rCold  . . .     Gourm    .     K - +0 robe (curse)
rNeg   . . .     Faith    .     (no shield)
rPois  .         Spirit   .     (no helmet)
rElec  .         Reflect  +     (no cloak)
rCorr  .         Harm     .     (no gloves)
MR     .....                    y - +0 pair of boots
Stlth  ++........               D - +3 amulet of reflection
                                (no ring)
                                B - +2 ring of dexterity

@: lethally poisoned (-7 -> -40), about to teleport, drained
A: change form in water, swift swim, stealthy swim
a: Renounce Religion


You were on level 10 of the Dungeon.
You worshipped Vehumet.
Vehumet was most pleased with you.
You were hungry.

You visited 2 branches of the dungeon, and saw 11 of its levels.
You also visited: Sewer.

You collected 637 gold pieces.
You spent 182 gold pieces at shops.

Inventory:

Hand Weapons
 a - a +3 trident of freezing (weapon)
 b - a +0 trident of flaming
 L - a +0 halberd
Missiles
 e - 334 stones
 j - 11 tomahawks (quivered)
 P - a throwing net
Armour
 g - a +0 large shield
 y - a +0 pair of boots (worn)
 K - a cursed +0 robe (worn)
Jewellery
 A - an uncursed ring of fire
 B - a +2 ring of dexterity (left hand)
 D - a +3 amulet of reflection (around neck)
Wands
 F - a wand of iceblast (0/15)
 H - a wand of paralysis (1/24)
 I - a wand of confusion (12/48)
 J - a wand of iceblast (8/15)
Scrolls
 m - 6 scrolls of teleportation
 q - 9 scrolls of remove curse
 u - a scroll of magic mapping
 z - 2 scrolls of enchant weapon
 C - a scroll of enchant armour
 E - 2 scrolls of amnesia
 M - 2 scrolls of identify
Potions
 d - 2 potions of haste
 h - a potion of ambrosia
 k - a potion of magic
 n - 2 potions of agility
 o - a potion of might
 p - 4 potions of cancellation
 r - 5 potions of flight
 s - 4 potions of heal wounds
 t - a potion of invisibility
 v - 2 potions of brilliance
 w - 7 potions of curing
 G - a potion of lignification
 N - 2 potions of cure mutation
Books
 i - a book of Cantrips

   Spells                             Type                      Level
   a - Confusing Touch                Hexes                        1
   b - Animate Skeleton               Necromancy                   1
   c - Summon Small Mammal            Summoning                    1
   d - Apportation                    Translocation                1
 O - a Young Poisoner's Handbook

   Spells                             Type                      Level
   a - Sting                          Conjuration/Poison           1
   b - Mephitic Cloud                 Conjuration/Poison/Air       3
   c - Olgreb's Toxic Radiance        Poison                       4
   d - Alistair's Intoxication        Transmutation/Poison         5
   e - Venom Bolt                     Conjuration/Poison           5
 R - a book of Frost

   Spells                             Type                      Level
   a - Freeze                         Ice                          1
   b - Throw Frost                    Conjuration/Ice              2
   c - Ozocubu's Armour               Charms/Ice                   3
   d - Throw Icicle                   Conjuration/Ice              4
   e - Summon Ice Beast               Ice/Summoning                4
Comestibles
 c - 9 bread rations
 f - 7 beef jerkies
 l - 7 meat rations


   Skills:
 + Level 7.9(6.8) Fighting
 + Level 8.3(7.3) Polearms
 + Level 9.7(8.6) Dodging
 - Level 2.1(1.3) Stealth
 - Level 3.6(2.6) Spellcasting
 + Level 2.4(1.5) Conjurations
 - Level 3.8(2.9) Charms
 + Level 2.7(1.8) Summonings
 + Level 9.4(8.3) Ice Magic
 + Level 0.1(0.0) Air Magic
 + Level 0.7(0.0) Poison Magic


You had one spell level left.
You knew the following spells:

 Your Spells              Type           Power        Failure   Level  Hunger
a - Freeze                Ice            ####         1%          1    None
b - Ozocubu's Armour      Chrm/Ice       ###.....     6%          3    ###....
c - Throw Icicle          Conj/Ice       ###.....     5%          4    ####...
d - Summon Ice Beast      Ice/Summ       ###.....     21%         4    ####...
e - Mephitic Cloud        Conj/Pois/Air  #.......     11%         3    ###....


Dungeon Overview and Level Annotations

Branches:
Dungeon (10/15)            Temple (1/1) D:4             Orc (0/2) D:9
   Lair: D:8-11

Altars:
Ashenzari
Cheibriados
Dithmenos
Elyvilon
Fedhas
Gozag
Hepliaklqana
Kikubaaqudgha
Makhleb
Nemelex Xobeh
Okawaru
Qazlal
Ru
Sif Muna
Trog
Uskayaw
Vehumet
Xom
Yredelemnul
Zin
The Shining One

Shops:
D:5 !   D:7 (

Annotations:
D:9 exclusion: ice statue
D:10 Quilel's ghost, novice DEEn


Message History

The meliai poisons you!
Your surroundings seem slightly different.
You feel sick.
You feel sick.
As you read the scroll of teleportation, it crumbles to dust.
You feel strangely unstable.
You feel sick. The meliai barely misses you. x2
The meliai hits you with a war axe!!
* * * LOW HITPOINT WARNING * * *
You block the meliai's attack.
You feel much better.
You feel sick. The meliai hits you with a hand axe!!
* * * LOW HITPOINT WARNING * * *
The meliai completely misses you. The meliai barely misses you.
The meliai stings you.
* * * LOW HITPOINT WARNING * * *
You are more poisoned.
The meliai poisons you!
The meliai hits you with an enchanted hand axe.
* * * LOW HITPOINT WARNING * * *
The meliai barely misses you. The meliai hits you with a hand axe!
You die...

#.... #####... #########
#......####... #.<.....#
#......'.y.... #W#.....#
#......# #.#.....# #..#..y#
#.#.....# #......# #.#.....#
####......#########.......####
............y@................
......##....yy....#.....##....
..#........##.....#.....##....
...........##.....#.....##...#
..............................
##############################


You could see 3 meliai.

Vanquished Creatures
  Grinder (D:3)
  2 hippogriffs
  Sigmund (D:3)
  The ghost of Faca the Skirmisher, an amateur FoFi of Trog (D:3)
  A hungry ghost (D:9)
  A soldier ant (D:10)
  Edmund (D:6)
  A sky beast (D:7)
  3 orc warriors
  An ice beast (D:8)
  A phantom (D:5)
  8 ogres
  3 centaurs
  4 big kobolds (Sewer)
  6 bullfrogs
  9 wights
  8 howler monkeys
  4 electric eels (D:7)
  2 crimson imps
  A hound (D:8)
  A bullfrog skeleton (D:6)
  3 iguanas
  9 orc priests
  Jessica (D:3)
  Ijyb (D:2)
  12 orc wizards
  11 worker ants
  A killer bee zombie (D:8)
  A hound skeleton (D:5)
  18 adders
  3 shadow imps
  3 oozes
  An adder zombie (D:7)
  2 adder skeletons
  4 worms
  2 dart slugs
  6 leopard geckos
  41 orcs
  3 ball pythons
  8 bats
  3 giant cockroaches
  11 goblins
  8 hobgoblins
  6 jackals
  15 kobolds
  9 quokkas
  9 frilled lizards
  A leopard gecko skeleton (D:4)
  5 rats
  A plant (Sewer)
258 creatures vanquished.

Notes
Turn   | Place    | Note
-------+----------+-------------------------------------------
     0 | D:1      | FitzyFitz the Merfolk Ice Elementalist began the quest for the Orb.
     0 | D:1      | Reached XP level 1. HP: 13/13 MP: 3/3
   235 | D:1      | Reached XP level 2. HP: 18/19 MP: 5/5
   812 | D:1      | Reached XP level 3. HP: 8/24 MP: 4/6
  1136 | D:1      | Learned a level 3 spell: Ozocubu's Armour
  1470 | D:2      | Found a shattered altar of Ashenzari.
  2011 | D:2      | Reached skill level 5 in Ice Magic
  2564 | D:2      | Reached XP level 4. HP: 28/30 MP: 3/7
  2727 | D:2      | Noticed Ijyb
  2756 | D:2      | Killed Ijyb
  3151 | D:2      | Found a shadowy altar of Dithmenos.
  3189 | D:3      | You fall through a shaft for 2 floors!
  3189 | D:5      | Entered Level 5 of the Dungeon
  3205 | D:5      | Reached XP level 5. HP: 35/35 MP: 6/8
  3214 | D:5      | Noticed a phantom
  3309 | D:4      | Found a staircase to the Ecumenical Temple.
  3352 | D:5      | Killed a phantom
  3352 | D:5      | Reached XP level 6. HP: 19/41 MP: 1/9
  3422 | D:5      | Found Retsojof's Distillery.
  3431 | D:5      | Bought a potion of heal wounds for 70 gold pieces
  3431 | D:5      | Bought a potion of flight for 42 gold pieces
  3549 | D:5      | Found a glowing drain.
  3560 | Sewer    | Entered a sewer
  3961 | Sewer    | Reached XP level 7. HP: 22/46 MP: 10/10
  4346 | D:5      | Reached skill level 1 in Fighting
  4346 | D:5      | Reached skill level 1 in Charms
  4711 | Temple   | Entered the Ecumenical Temple
  5054 | D:3      | Noticed Faca's ghost (amateur FoFi)
  5295 | D:3      | Noticed Sigmund
  5309 | D:3      | Killed Sigmund
  5309 | D:3      | Reached XP level 8. HP: 53/57 MP: 9/11
  5317 | D:3      | Noticed Jessica
  5329 | D:3      | Killed Jessica
  5396 | D:3      | Found a radiant altar of Vehumet.
  5400 | D:3      | Became a worshipper of Vehumet
  5590 | D:3      | Found a glowing silver altar of Zin.
  5617 | D:3      | Noticed Grinder
  5655 | D:3      | Paralysed by Grinder for 6 turns
  5846 | D:3      | Killed Grinder
  5846 | D:3      | Reached skill level 5 in Dodging
  6219 | D:3      | Killed Faca's ghost
  6892 | D:3      | Found a blossoming altar of Fedhas.
  6915 | D:3      | Found a shimmering altar of Xom.
  7115 | D:4      | Reached * piety under Vehumet
  7115 | D:4      | Offered knowledge of Sandblast by Vehumet.
  8068 | D:4      | Reached skill level 5 in Fighting
  8110 | D:5      | Reached XP level 9. HP: 66/68 MP: 12/12
  8812 | D:5      | Reached skill level 5 in Polearms
  9138 | D:5      | Bought a potion of degeneration for 14 gold pieces
  9138 | D:5      | Bought a potion of might for 56 gold pieces
  9532 | D:6      | Found a hazy altar of Hepliaklqana.
  9534 | D:6      | Found a sparkling altar of Nemelex Xobeh.
  9608 | D:6      | Found a snail-covered altar of Cheibriados.
  9988 | D:6      | Found a bloodstained altar of Trog.
 10159 | D:6      | Noticed Edmund
 10172 | D:6      | Killed Edmund
 11098 | D:6      | Found an iron altar of Okawaru.
 11098 | D:6      | Found a white marble altar of Elyvilon.
 11126 | D:7      | Reached XP level 10. HP: 52/77 MP: 11/15
 11461 | D:7      | Learned a level 4 spell: Throw Icicle
 11466 | D:7      | Learned a level 4 spell: Summon Ice Beast
 11520 | D:7      | Reached ** piety under Vehumet
 11520 | D:7      | Offered knowledge of Magic Dart by Vehumet.
 11521 | D:7      | Found Muobrecw's Antique Weapon Boutique.
 11672 | D:7      | Reached skill level 1 in Conjurations
 11922 | D:7      | Reached skill level 1 in Summonings
 13172 | D:9      | Found a staircase to the Orcish Mines.
 13200 | D:9      | Offered knowledge of Static Discharge by Vehumet.
 13698 | D:9      | Noticed an ice statue
 13746 | D:10     | Entered Level 10 of the Dungeon
 13755 | D:10     | Noticed Quilel's ghost (novice DEEn)
 13829 | D:10     | Reached *** piety under Vehumet
 13841 | D:10     | Noticed a white ugly thing
 14053 | D:10     | Learned a level 3 spell: Mephitic Cloud
 14388 | D:10     | Mangled by a meliai

Vault maps used:
D:1:      minmay_arrival_four_circles, serial_bayou_pond_a
D:2:      lemuel_doored_altar, nicolae_ashenzari_panopticon,
          minmay_misc_feat_four_crosses, minmay_misc_feat_rows,
          hangedman_decor_peaks_small, uniq_iyjb
D:3:      nicolae_overflow_quartered_altars, uniq_sigmund, uniq_jessica,
          uniq_grinder
D:4:      kennysheep_crisscross
D:5:      first_bread, portal_sewer_entry_d, serial_shops,
          kennysheep_little_box, kennysheep_doodads
D:6:      kennysheep_slug_shrine, nicolae_overflow_hidden_temple,
          trog_three_pillars_becter, uniq_edmund
D:7:      serial_shops, shop, water_maze_lemuel
D:9:      lemuel_ice_statue, orc_0_dummy, grunt_ogre_cave
Temple:   dpeg_chambers_temple
Sewer:    kennysheep_pipe_town

Skill      XL: |  1  2  3  4  5  6  7  8  9 10 |
---------------+-------------------------------+-----
Ice Magic      | 4 5 6 7 8 9 |  9.4
Dodging        | 4 6 9 |  9.7
Fighting       | 2 5 6 7 |  7.9
Charms         | 2 3 |  3.8
Polearms       | 4 7 8 |  8.3
Spellcasting   | 3 |  3.6
Conjurations   | 2 |  2.4
Summonings     | 2 |  2.7
Stealth        | |  2.1
Air Magic      | |  0.1
Poison Magic   | |  0.7

Action                   |  1- 3 |  4- 6 |  7- 9 | 10-12 || total
-------------------------+-------+-------+-------+-------++-------
Melee: Dagger            |   127 |    25 |       |       ||   152
       Unarmed           |     6 |       |       |       ||     6
       Long sword        |       |    69 |   125 |       ||   194
       Tailslap          |       |     1 |       |       ||     1
       Trident           |       |       |   345 |   315 ||   660
       Scythe            |       |       |     8 |       ||     8
Throw: Stone             |       |     1 |     5 |       ||     6
       Tomahawk          |       |       |    14 |     1 ||    15
 Cast: Freeze            |    37 |    27 |    86 |    39 ||   189
       Ozocubu's Armour  |       |     3 |    34 |    17 ||    54
       Throw Icicle      |       |       |       |     3 ||     3
       Summon Ice Beast  |       |       |       |     1 ||     1
Evoke: Wand              |       |    11 |     9 |     9 ||    29
  Use: Scroll            |       |    11 |     4 |     9 ||    24
       Potion            |       |       |     5 |     3 ||     8
 Stab: Sleeping          |     3 |     4 |     7 |     5 ||    19
       Paralysed         |       |       |       |     8 ||     8
       Distracted        |       |       |       |     3 ||     3
  Eat: Chunk             |     4 |     4 |    18 |    13 ||    39
       Beef jerky        |     1 |       |     1 |       ||     2
       Bread ration      |       |     1 |     1 |       ||     2
       Pizza             |       |       |     1 |       ||     1
Armor: Robe              |    21 |    12 |    80 |    26 ||   139
Dodge: Dodged            |   117 |    58 |   403 |   231 ||   809
Block: Other             |       |       |     9 |    35 ||    44
       Rpst.: Long sword |       |     5 |    21 |       ||    26
